 Dungeon Crawl Stone Soup version 0.32-a0-834-geaf45d8e21 (webtiles) character file.

Game seed: 15480671711775599599

2623 Fodor the Protected (level 9, -5/68 (78) HPs)
             Began as a Minotaur Fighter on Mar 25, 2024.
             Was an Initiate of Gozag.
             Killed by an exploding wight (23 damage)
             ... ignited by their inner flame
             ... on level 6 of the Dungeon.
             The game lasted 00:15:11 (5183 turns).

Fodor the Protected (Minotaur Fighter)              Turns: 5183, Time: 00:15:12

HP:   -5/68 (78)    AC: 15    Str: 23 (25) XL:     9   Next: 34%
MP:   8/8           EV:  6    Int:  2 (5)  God:    Gozag
Gold: 507           SH:  0    Dex:  7 (10) Spells: 8/8 levels left

rFire   . . .        p - +0 arbalest
rCold   + + .        (shield currently unavailable)
rNeg    . . .        h - +0 plate armour
rPois   +            (helmet restricted)
rElec   +            g - +0 cloak
rCorr   +            (no gloves)
SInv    .            (no boots)
Will    .....        (no amulet) Stlth
                     l - ring of ice
HPRegen 0.31/turn    (no ring)
MPRegen 0.11/turn

%: no passive effects
@: resistant, gold aura, hasted, heavily drained, very quick
A: horns 2, retaliatory headbutt
a: Renounce Religion, Potion Petition, Call Merchant, Bribe Branch


You were on level 6 of the Dungeon.
You worshipped Gozag.
Gozag was pleased with you.
You visited 2 branches of the dungeon, and saw 7 of its levels.

You collected 598 gold pieces.
You paid 91 gold pieces to Gozag.

Inventory:

Hand Weapons
 i - a +3 battleaxe
 p - a +0 arbalest (weapon)
 w - a +0 battleaxe
Missiles
 s - 6 boomerangs
Armour
 g - a +0 cloak (worn)
 h - a +0 plate armour (worn)
 D - a +6 scale mail
 E - a +0 ring mail
Jewellery
 l - a ring of ice (left hand)
Talismans
 u - a maw talisman
 y - a maw talisman
Wands
 z - a wand of flame (14)
 C - a wand of polymorph (15)
Scrolls
 c - a scroll of revelation {unknown}
 f - 2 scrolls of poison
 m - 2 scrolls of teleportation
 B - a scroll of amnesia
Potions
 d - 2 potions of might
 e - a potion of curing
 j - a potion of resistance
 r - 3 potions of heal wounds {unknown}
 v - a potion of mutation {unknown}
 x - 2 potions of attraction {unknown}
 A - a potion of lignification {unknown}


   Skills:
 + Level 6.6 Fighting
 + Level 8.3(9.1) Axes
 + Level 5.6(7.8) Maces & Flails
 + Level 2.9 Ranged Weapons
 + Level 1.4 Throwing
 + Level 8.7 Armour
 + Level 1.3 Dodging
 + Level 0.4 Stealth
 + Level 5.2 Shields
 + Level 1.6 Unarmed Combat


You had 8 spell levels left.
You didn't know any spells.
Your spell library contained the following spells:

 Spells                   Type           Power      Damage    Failure   Level
 Magic Dart               Conj           0%         1d3       100%        1
 Blink                    Tloc           0%         N/A       100%        2
 Call Imp                 Summ           0%         N/A       100%        2
 Ensorcelled Hibernation  Hex/Ice        0%         N/A       100%        2
 Mercury Vapours          Alch/Air       0%         N/A       100%        2
 Mephitic Cloud           Conj/Alch/Air  0%         N/A       100%        3
 Passwall                 Erth           0%         N/A       100%        3
 Swiftness                Air            0%         N/A       100%        3
 Tukima's Dance           Hex            0%         N/A       100%        3
 Dimensional Bullseye     Hex/Tloc       0%         N/A       100%        4
 Iskenderun's Mystic Bla  Conj/Tloc      0%         2d3       100%        4
 Freezing Cloud           Conj/Ice/Air   0%         6-21      100%        5


Dungeon Overview and Level Annotations

Branches:
Dungeon (6/15)             Temple (1/1) D:5

Altars:
Ashenzari
Cheibriados
Dithmenos
Elyvilon
Fedhas
Gozag
Kikubaaqudgha
Makhleb
Nemelex Xobeh
Okawaru
Ru
Sif Muna
Trog
Uskayaw
Vehumet
Xom
Yredelemnul
Zin
The Shining One

Annotations:
Temple 2 transporters


Innate Abilities, Weirdness & Mutations

You have a pair of horns on your head.
You reflexively headbutt those who attack you in melee.


Message History

The wight hits you from afar with a +0 halberd.
You feel drained.
As you read the scroll labelled EGHIRPH OMAQIUG, it crumbles to dust.
The creatures around you are filled with an inner flame!
It was a scroll of immolation.
Unknown command.
You cannot teleport because you are held in place by your roots.
The wight hits you but does no damage. The wight hits you but does no damage.
You cannot move.
You cannot move.
You cannot move.
The wight barely misses you.
You cannot move.
You cannot move.
You cannot move.
You cannot move.
You cannot move.
You cannot move.
You cannot move.
A wight is nearby!
The wight hits you but does no damage.
You feel less wooden.
Your +0 cloak unmelds from your body.
Your +0 plate armour unmelds from your body.
The wight hits you from afar with a +0 halberd.
* * * LOW HITPOINT WARNING * * *
The wight barely misses you.
Found a scroll labelled SIRIEKLOIF.
The wight hits you with a +0 halberd.
* * * LOW HITPOINT WARNING * * *
You feel drained.
Things that are here:
44 gold pieces; a +0 shortbow; a wand of polymorph (9)
You shoot a bolt. The bolt hits the wight!
Flame seeps out of the wight.
The wight is severely damaged.
The wight is engulfed in blazing flames.
The wight explodes!
The fiery explosion engulfs you!!
You die...
Your body crumbles into a pile of gold.

####.........#
.............#
#..$.........#
?#.$.........# .
.#...#..........# .....
............$...# .#..
#...#....§§§....[#
..#.#...#.#...§○@.....#
...#...#...#..####.####
..............# #)#
.#...#...#....# #[#
..#.#...#.#...# #.#
...#...#...#..# #.#
....).........# #.#
.#...#...#....# ##.#
..#.#...#[#...# #.[#


There were no monsters in sight!

Vanquished Creatures
  A cyclops (D:6)
  Grinder (D:6)
  A water moccasin (D:5)
  3 ice beasts (D:6)
  3 centaurs (D:6)
  7 phantoms
  A gnoll sergeant (D:5)
  A bullfrog (D:6)
  4 wights (D:6)
  A killer bee (D:6)
  2 hounds
  2 jellies (D:6)
  4 bombardier beetles
  An orc priest (D:4)
  A sleepcap (D:6)
  3 iguanas
  6 gnolls
  7 adders
  4 white imps (D:6)
  2 ufetubi (D:6)
  5 dart slugs
  6 orcs
  8 endoplasms
  6 giant cockroaches
  4 goblins (D:1)
  5 hobgoblins
  8 jackals
  2 quokkas
  7 ball pythons
  6 bats
  5 frilled lizards
  6 kobolds
  4 rats
127 creatures vanquished.

Vanquished Creatures (others)
  A sky beast (D:6)
  A scorpion (D:4)
  A goblin (D:4)
  A hobgoblin (D:4)
4 creatures vanquished.

Grand Total: 131 creatures vanquished

Notes
Turn   | Place    | Note
-------+----------+-------------------------------------------
     0 | D:1      | Fodor the Minotaur Fighter began the quest for the Orb.
     0 | D:1      | Reached XP level 1. HP: 19/19 MP: 0/0
   109 | D:1      | Reached XP level 2. HP: 27/27 MP: 1/1
   540 | D:1      | You fall into a shaft and drop 1 floor!
   609 | D:1      | Reached XP level 3. HP: 33/33 MP: 2/2
  1851 | D:3      | Reached XP level 4. HP: 40/40 MP: 3/3
  1969 | D:3      | Noticed a phantom
  1980 | D:3      | Killed a phantom
  1981 | D:3      | Reached XP level 5. HP: 40/47 MP: 4/4
  2053 | D:3      | Found a shadowy altar of Dithmenos.
  2099 | D:3      | Reached skill level 5 in Armour
  2371 | D:3      | Found a faded altar of an unknown god.
  2564 | D:4      | Found a radiant altar of Vehumet.
  2614 | D:4      | Found a blossoming altar of Fedhas.
  2615 | D:4      | Found an iron altar of Okawaru.
  2615 | D:4      | Found a sparkling altar of Nemelex Xobeh.
  2726 | D:4      | Reached skill level 5 in Axes
  2743 | D:4      | Found a shimmering altar of Xom.
  2760 | D:4      | Reached XP level 6. HP: 23/53 MP: 5/5
  2775 | D:4      | HP: 2/53 [burnt (4)]
  3244 | D:5      | Entered Level 5 of the Dungeon
  3515 | D:5      | Reached skill level 5 in Fighting
  3515 | D:5      | Reached XP level 7. HP: 24/61 MP: 6/6
  3789 | D:5      | Found a glowing golden altar of the Shining One.
  3847 | D:5      | Reached skill level 1 in Throwing
  3883 | D:5      | Found a shimmering blue altar of Sif Muna.
  3992 | D:5      | Reached skill level 1 in Maces & Flails
  4097 | D:5      | Found a staircase to the Ecumenical Temple.
  4140 | Temple   | Found a transporter.
  4140 | Temple   | Found a transporter.
  4140 | Temple   | Found a transporter.
  4140 | Temple   | Found a transporter.
  4140 | Temple   | Entered the Ecumenical Temple
  4155 | Temple   | Became a worshipper of Gozag Ym Sagoz the Greedy
  4570 | D:6      | Reached XP level 8. HP: 50/69 MP: 7/7
  4660 | D:6      | Reached skill level 5 in Shields
  4871 | D:6      | Noticed Grinder
  4898 | D:6      | Killed Grinder
  4899 | D:6      | Reached skill level 5 in Maces & Flails
  4899 | D:6      | Reached skill level 1 in Dodging
  4970 | D:6      | Reached skill level 1 in Unarmed Combat
  5016 | D:6      | Noticed a cyclops
  5023 | D:6      | Reached skill level 1 in Ranged Weapons
  5037 | D:6      | Reached XP level 9. HP: 70/75 MP: 8/8
  5049 | D:6      | Killed a cyclops
  5183 | D:6      | Killed by an exploding wight... ignited by their inner
                  | flame

Illustrated notes

Levels and vault maps discovered:
D:1:      ncdulo_watergridlock, layout_basic, serial_corexii_hall,
          chequers_hall_statues_corner_a, corexii_hall_statues_i,
          chequers_hall_statues_y
D:2:      layout_basic
D:3:      layout_loops_cross, mainiacjoe_overflow_alcove_1,
          shapermc_ecumenical_altar_hornbeckon
D:4:      layout_rooms, xom_confusion_cloud,
          mainiacjoe_overflow_small_starburst, grunt_temple_overflow_open
D:5:      layout_loops_corners, mainiacjoe_overflow_alcove_2, marbit_many_paths,
          minmay_temple_entry_stoned_glass
D:6:      cheibrodos_fzero, layout_basic, minmay_misc_feat_diagonals,
          uniq_duvessa, uniq_grinder
Temple:   hellmonk_temple_divided_pantheon

Skill      XL: |  1  2  3  4  5  6  7  8  9 |
---------------+----------------------------+-----
Shields        | 4 5 |  5.2
Armour         | 4 5 6 8 |  8.7
Fighting       | 4 5 6 |  6.6
Axes           | 3 4 5 6 7 8 |  8.3
Throwing       | 1 |  1.4
Maces & Flails | 3 5 |  5.6
Dodging        | 1 |  1.3
Unarmed Combat | 1 |  1.6
Ranged Weapons | 1 2 |  2.9
Stealth        | |  0.4

Action                     |  1- 3 |  4- 6 |  7- 9 || total
---------------------------+-------+-------+-------++-------
  Melee: War axe           |    99 |   116 |    13 ||   228
         Headbutt          |    13 |    16 |    27 ||    56
         Flail             |       |       |    77 ||    77
         Battleaxe         |       |       |    45 ||    45
         Unarmed           |       |       |    16 ||    16
   Fire: Arbalest          |       |       |    15 ||    15
  Throw: Boomerang         |       |     7 |       ||     7
    Use: Scroll            |       |       |     7 ||     7
         Potion            |       |       |     6 ||     6
 Armour: Scale mail        |    32 |       |       ||    32
         Plate armour      |    52 |   106 |   185 ||   343
         Skin              |       |       |    43 ||    43
  Dodge: Dodged            |    49 |    28 |    78 ||   155
  Block: Buckler           |    23 |    21 |    28 ||    72

Table legend: (Time is in decaauts)
 A = Elapsed time spent in this place.
 B = Non-inter-level travel time spent in this place.
 C = Inter-level travel time spent in this place.
 D = Time resting spent in this place.
 E = Time spent auto-exploring this place.
 F = Levels seen in this place.
 G = Mean time per level.
                   A        B        C        D        E       F      G
               +--------+--------+--------+--------+--------+-----+--------+
         Total |   5293 |   5152 |    141 |    336 |   3336 |   7 |  756.1 |
       Dungeon |   5259 |   5118 |    141 |    336 |   3336 |   6 |  876.5 |
        Temple |     34 |     34 |      0 |      0 |      0 |   1 |   34.0 |
               +--------+--------+--------+--------+--------+-----+--------+

Top non-repeatable levels by time:
     D:5: 1292 daAuts
     D:1: 1178 daAuts
     D:4: 782 daAuts
     D:2: 683 daAuts
     D:3: 676 daAuts
     D:6: 646 daAuts
  Temple: 34 daAuts
